 Seeded DCSS version 0.32-a0-928-g1cae6b7ea0 (webtiles) character file.

Game seed: 202404120 (custom seed)

6241 Orlauf the Cleaver (level 10, -16/82 HPs)
             Began as a Demonspawn Gladiator on Apr 12, 2024.
             Was a Priest of Uskayaw.
             Demolished by an orc knight
             ... wielding a +0 halberd
              (21 damage)
             ... in a bailey.
             The game lasted 00:11:27 (6125 turns).

Orlauf the Cleaver (Demonspawn Gladiator)           Turns: 6125, Time: 00:11:27

Health: -16/82     AC: 18    Str: 20    XL:     10   Next: 62%
Magic:  17/17      EV:  8    Int:  8    God:    Uskayaw [***...]
Gold:   425        SH:  0    Dex: 14    Spells: 9/9 levels left

rFire   . . .        a - +0 war axe
rCold   . . .        (no shield)
rNeg    + . .        z - +3 plate armour
rPois   .            B - +1 helmet
rElec   .            (no cloak)
rCorr   .            (no gloves)
SInv    +            t - +0 pair of boots
Will    .....        (no amulet) Stlth
                     A - ring of positive energy
HPRegen 0.33/turn    c - ring of see invisible
MPRegen 0.15/turn

%: no passive effects
@: wreathed by umbra, studying Maces & Flails
A: powered by death 2, sturdy frame 2, demonic touch 1, foul shadow 1
a: Renounce Religion, Stomp, Line Pass


You were in a bailey.
You worshipped Uskayaw.
Uskayaw was aware of your devotion.
You visited 1 branch of the dungeon, and saw 7 of its levels.
You also visited: Bailey.

You collected 425 gold pieces.

Inventory:

Hand Weapons
 a - a +0 war axe (weapon)
 b - a +3 trident
 F - a +1 whip of electrocution
Missiles
 d - 2 throwing nets (quivered)
 e - 7 javelins
 m - 3 poisoned darts
Armour
 t - a +0 pair of boots (worn)
 w - a +2 scale mail of poison resistance
 z - a +3 plate armour (worn)
 B - a +1 helmet (worn)
Jewellery
 c - a ring of see invisible (right hand)
 s - the ring of Autumn {Fire MP+9 Str+3}
   (You found it on level 6 of the Dungeon)

   [ring of fire]

   Fire:      It enhances your fire magic.
   Str+3:     It affects your strength (+3).
   rF+:       It protects you from fire.
   rC-:       It makes you vulnerable to cold.
   MP+9:      It affects your magic capacity (+9).
 A - a ring of positive energy (left hand)
 E - the ring of Hacvosiza {Ice rElec rPois Stlth+}
   (You found it on level 7 of the Dungeon)

   [ring of ice]

   Ice:       It enhances your ice magic.
   rF-:       It makes you vulnerable to fire.
   rC+:       It protects you from cold.
   rElec:     It insulates you from electricity.
   rPois:     It protects you from poison.
   Stlth+:    It makes you more stealthy.
Wands
 q - a wand of warping (3)
 r - a wand of mindburst (22)
 u - a wand of quicksilver (22)
 v - a wand of flame (24)
Scrolls
 n - 3 scrolls of teleportation
 y - 2 scrolls of poison
 C - a scroll of fear
Potions
 f - a potion of attraction
 h - a potion of cancellation {unknown}
 i - a potion of curing
 j - a potion of resistance {unknown}
 k - 3 potions of lignification
 l - a potion of mutation
 o - a potion of brilliance {unknown}
 x - a potion of invisibility {unknown}


   Skills:
 + Level 8.5 Fighting
 * Level 11.1 Axes
 - Level 1.7 Throwing
 - Level 4.0 Armour
 - Level 2.6 Dodging
 + Level 10.3 Invocations


You had 9 spell levels left.
You didn't know any spells.
Your spell library contained the following spells:

 Spells                   Type           Power      Damage    Failure   Level
 Magic Dart               Conj           0%         1d3       97%         1
 Blink                    Tloc           0%         N/A       99%         2
 Call Imp                 Summ           0%         N/A       99%         2
 Static Discharge         Conj/Air       0%         3-3/arc   99%         2
 Passwall                 Erth           0%         N/A       100%        3
 Stone Arrow              Conj/Erth      0%         3d7       100%        3
 Volatile Blastmotes      Fire/Tloc      0%         2d10      100%        3
 Airstrike                Air            0%         2d(0-16)  100%        4
 Animate Armour           Summ/Erth      0%         N/A       100%        4
 Ignite Poison            Fire/Alch      0%         N/A       100%        4
 Sticky Flame             Fire/Alch      0%         2d4       100%        4
 Summon Lightning Spire   Summ/Air       0%         N/A       100%        4
 Vhi's Electric Charge    Tloc/Air       0%         N/A       100%        4
 Bombard                  Conj/Erth      0%         9d1       100%        6
 Ignition                 Fire           0%         3d3       100%        8
 Lehudib's Crystal Spear  Conj/Erth      0%         10d2      100%        8


Dungeon Overview and Level Annotations

Branches:
Dungeon (7/15)             Temple (0/1) D:4          Bailey (1/1)

Altars:
Dithmenos
Uskayaw

Annotations:
D:5 1 transporter, Rudyous's ghost, novice DsFE


Innate Abilities, Weirdness & Mutations

You regenerate health from kills.
Your movements are less encumbered by armour. (ER -4)
Your touch may inflict minor irresistible damage on your foes.
You are faintly shadowed, very rarely releasing foul flame when damaged in melee.


Message History

Aim: an orc knight, wielding a +0 halberd and wearing a +0 scale mail (moderately wounded, strong, 64% to hit)
The bolt of dispelling energy hits the orc knight!
The orc knight is heavily wounded.
The orc knight's magical effects unravel!
The orc knight hits you from afar with a +0 halberd!
You feel much better.
The orc knight hits you from afar with a +0 halberd!
The orc knight hits you from afar with a +0 trident!
The orc knight roars a battlecry!
The orc knight goes into a battle-frenzy!
The orc knight hits you with a +0 trident!!
* * * LOW HITPOINT WARNING * * *
There is an open door, spattered with blood here.
You feel much better.
The orc knight roars a battlecry!
The orc knight goes into a battle-frenzy!
You slash the orc knight!
You touch the orc knight.
The orc knight is heavily wounded.
The orc knight barely misses you.
The orc knight hits you with a +0 trident!
* * * LOW HITPOINT WARNING * * *
Uskayaw will force your foes to helplessly watch your dance.
Uskayaw prepares the audience for your solo!
The helpless orc knight fails to defend itself.
You hit the orc knight.
The orc knight is heavily wounded.
The orc knight is no longer paralysed.
The orc knight hits you but does no damage.
The helpless orc knight fails to defend itself.
You hit the orc knight.
You touch the orc knight.
The orc knight is severely wounded.
The orc knight hits you from afar with a +0 halberd!!
* * * LOW HITPOINT WARNING * * *
Unknown command.
The helpless orc knight fails to defend itself.
You slash the orc knight!
The orc knight is severely wounded.
The orc knight hits you from afar with a +0 halberd!!
You die...
Your body falls in perfect tune with the rhythm.

..≈##.##≈~~~~~~~~~~~~~~~≈##.##≈..
..≈#..))~~~~~~~~~~~~~~~~~....#≈..
..≈##.∩#≈~~~~~~~~~~~~~~~≈#∩.##≈..
..≈≈#.##≈~~~~#######~~~~≈##)#≈≈..
..~≈≈~≈≈≈~~~~##~~~~##~~~≈≈≈~≈≈~..
..~~~~~~~~~~~##~~~~~##~~~~~~~~~..
..~~~~~~~~~~~##'o'#~~##~~~~~~~~..
..~~~~~~~##~~##∩.∩##~~#~~~~~~~~..
..~~~~~~~##~####@####~##~~~~~~~..
..~~~~~~~##~')#.o.#.'~##~~~~~~~..
..~~~~~~~##~###._.###~##~~~~~~~..
..~~~~~~~##~')#).:#)'~##~~~~~~~..
..~~~~~~~##~#########~##~~~~~~~..
..~~~~~~~~#~~##.#.##~~#~~~~~~~~..
..~~~~~~~~##~~#'#'#~~##~~~~~~~~..
..~~~~~~~~~##~~~~~~~##~~~~~~~~~..
..~≈≈~≈≈≈~~~#########~~~≈≈≈~≈≈~..


You could see 2 orc knights.

Vanquished Creatures
  Prince Ribbit (D:5)
  A steam dragon (D:6)
  Edmund (D:5)
  3 orc warriors (Bailey)
  2 sky beasts
  2 ogres
  3 ice beasts
  4 centaurs
  2 scorpions
  4 wights (D:7)
  5 killer bees (D:7)
  3 bombardier beetles
  A gnoll bouda (D:4)
  An orc priest (D:4)
  2 hounds (D:6)
  2 jellies
  Jessica (D:2)
  4 iguanas
  An orc wizard (D:7)
  Terence (D:2)
  Robin (D:2)
  7 gnolls
  13 adders
  A shadow imp (D:6)
  A white imp (D:7)
  2 ufetubi (D:5)
  4 dart slugs
  2 ribbon worms (D:2)
  23 orcs
  12 ball pythons
  5 endoplasms
  4 giant cockroaches
  12 goblins
  11 hobgoblins
  3 quokkas
  7 bats
  6 frilled lizards
  4 kobolds
  7 rats
169 creatures vanquished.

Vanquished Creatures (others)
  Sigmund (D:6)
1 creature vanquished.

Grand Total: 170 creatures vanquished

Notes
Turn   | Place    | Note
-------+----------+-------------------------------------------
     0 | D:1      | Orlauf the Demonspawn Gladiator began the quest for the
                  | Orb.
     0 | D:1      | Reached XP level 1. HP: 16/16 MP: 1/1
    27 | D:1      | You fall into a shaft and drop 1 floor!
   115 | D:2      | Reached skill level 3 in Axes
   134 | D:1      | Gained mutation: You are faintly shadowed, very rarely
                  | releasing foul flame when damaged in melee. [demonic
                  | ancestry]
   134 | D:1      | Reached XP level 2. HP: 17/22 MP: 2/2
   240 | D:1      | Found a faded altar of an unknown god.
   573 | D:1      | Gained mutation: You regenerate a little health from kills.
                  | [demonic ancestry]
   573 | D:1      | Reached XP level 3. HP: 20/28 MP: 3/3
   916 | D:2      | Found a hide-covered altar of Uskayaw.
   920 | D:2      | Noticed Jessica
   932 | D:2      | Killed Jessica
   933 | D:2      | Reached skill level 4 in Axes
   933 | D:2      | Gained mutation: Your movements are slightly less
                  | encumbered by armour. (ER -2) [demonic ancestry]
   933 | D:2      | Reached XP level 4. HP: 18/34 MP: 4/4
   962 | D:2      | Became a worshipper of Uskayaw the Reveller
  1023 | D:2      | Reached * piety under Uskayaw
  1224 | D:2      | Noticed Robin
  1245 | D:2      | Reached ** piety under Uskayaw
  1246 | D:2      | Reached skill level 1 in Invocations
  1249 | D:2      | Reached *** piety under Uskayaw
  1257 | D:2      | Killed Robin
  1257 | D:2      | Reached **** piety under Uskayaw
  1397 | D:2      | Noticed Terence
  1417 | D:2      | Killed Terence
  1418 | D:2      | Reached XP level 5. HP: 22/41 MP: 4/6
  1813 | D:3      | Found a shadowy altar of Dithmenos.
  2779 | D:4      | Reached skill level 5 in Axes
  2958 | D:4      | Gained mutation: Your movements are less encumbered by
                  | armour. (ER -4) [demonic ancestry]
  2958 | D:4      | Reached XP level 6. HP: 48/48 MP: 7/7
  3112 | D:4      | Found a staircase to the Ecumenical Temple.
  3400 | D:5      | Entered Level 5 of the Dungeon
  3400 | D:5      | Noticed Edmund
  3416 | D:5      | Killed Edmund
  3552 | D:5      | Identified the +4 great mace "Ziag Zoh" {flame, rN+}
  3553 | D:5      | Noticed Prince Ribbit
  3553 | D:5      | Noticed Rudyous's ghost (novice DsFE)
  3579 | D:5      | Reached ***** piety under Uskayaw
  3588 | D:5      | Killed Prince Ribbit
  3589 | D:5      | Reached skill level 6 in Axes
  3589 | D:5      | Reached XP level 7. HP: 16/55 MP: 8/10
  3833 | D:5      | Reached skill level 5 in Fighting
  3833 | D:5      | Reached skill level 5 in Invocations
  3834 | D:5      | Gained mutation: You regenerate health from kills. [demonic
                  | ancestry]
  3834 | D:5      | Reached XP level 8. HP: 11/62 MP: 11/11
  4128 | D:5      | Found a transporter.
  4296 | D:6      | Reached skill level 7 in Axes
  4535 | D:6      | Noticed Sigmund
  4554 | D:6      | Killed Sigmund
  4557 | D:6      | Reached skill level 8 in Axes
  4562 | D:6      | Reached ****** piety under Uskayaw
  4781 | D:6      | Gained mutation: Your touch may inflict minor irresistible
                  | damage on your foes. [demonic ancestry]
  4781 | D:6      | Reached XP level 9. HP: 62/69 MP: 14/14
  5107 | D:6      | Identified the ring of Autumn {Fire MP+9 Str+3}
  5564 | D:7      | Identified the ring of Hacvosiza {Ice rElec rPois Stlth+}
  5612 | D:7      | Found a flagged portal.
  5638 | D:7      | Reached skill level 9 in Axes
  5679 | Bailey   | Entered a bailey
  6113 | Bailey   | Reached skill level 11 in Axes
  6113 | Bailey   | Reached skill level 10 in Invocations
  6113 | Bailey   | Reached XP level 10. HP: 82/82 MP: 15/17
  6114 | Bailey   | Found a roughly hewn altar of Beogh.
  6114 | Bailey   | Noticed an orc knight
  6114 | Bailey   | Noticed an orc knight
  6125 | Bailey   | Demolished by an orc knight

Illustrated notes

Levels and vault maps discovered:
D:1:      lightli_arrival_statue_moat, layout_basic, basic_ecumenical_altar
D:2:      layout_basic, basic_altar, minmay_misc_feat_plants, uniq_terence,
          uniq_robin, uniq_jessica
D:3:      layout_loops_ring, mainiacjoe_overflow_24_doors, minmay_snake_closets
D:4:      wander_river, layout_basic, minmay_temple_entry_proselytizer
D:5:      layout_rooms, gammafunk_ghost_smash, minmay_manual_mares,
          uniq_prince_ribbit1, uniq_edmund
D:6:      layout_loops_cross, serial_bayou_pond_e, nicolae_benzene_ring,
          minivault_5, uniq_sigmund
D:7:      layout_cave_pools, enter_bailey_2, uniq_maurice
Bailey:   bailey_polearm_2, bailey

Skill      XL: |  1  2  3  4  5  6  7  8  9 |
---------------+----------------------------+-----
Axes           | 3 4 5 6 8 11 | 11.1
Fighting       | 3 4 5 6 8 |  8.5
Invocations    | 1 2 4 5 7 10 | 10.3
Armour         | 4 |  4.0
Throwing       | |  1.7
Dodging        | |  2.6

Action                     |  1- 3 |  4- 6 |  7- 9 | 10-12 || total
---------------------------+-------+-------+-------+-------++-------
  Melee: War axe           |    79 |   239 |   213 |     4 ||   535
         Touch             |       |       |    20 |     2 ||    22
  Throw: Throwing net      |       |     1 |     1 |       ||     2
  Evoke: Wand              |       |     3 |       |     4 ||     7
    Use: Scroll            |     3 |     1 |     8 |       ||    12
         Potion            |     2 |     4 |     6 |     2 ||    14
   Stab: Paralysed         |       |     3 |    15 |     3 ||    21
         Held in net/web   |       |     1 |       |       ||     1
 Armour: Leather armour    |    13 |       |       |       ||    13
         Ring mail         |    34 |    58 |       |       ||    92
         Plate armour      |       |   189 |   275 |    13 ||   477
         Chain mail        |       |     5 |       |       ||     5
  Dodge: Dodged            |    74 |   121 |   154 |     2 ||   351

Table legend: (Time is in decaauts)
 A = Elapsed time spent in this place.
 B = Non-inter-level travel time spent in this place.
 C = Inter-level travel time spent in this place.
 D = Time resting spent in this place.
 E = Time spent auto-exploring this place.
 F = Levels seen in this place.
 G = Mean time per level.
                   A        B        C        D        E       F      G
               +--------+--------+--------+--------+--------+-----+--------+
         Total |   6314 |   6089 |    225 |    481 |   4171 |   8 |  789.2 |
       Dungeon |   5827 |   5602 |    225 |    332 |   4001 |   7 |  832.4 |
        Bailey |    486 |    486 |      0 |    149 |    170 |   1 |  486.0 |
               +--------+--------+--------+--------+--------+-----+--------+

Top non-repeatable levels by time:
     D:6: 1232 daAuts
     D:2: 925 daAuts
     D:3: 906 daAuts
     D:5: 895 daAuts
     D:4: 886 daAuts
     D:1: 804 daAuts
  Bailey: 486 daAuts
     D:7: 176 daAuts
